 Dungeon Crawl Stone Soup version 0.29-a0-468-ge57f7f99b4 (webtiles) character file.

Game seed: 4829791742487142815

4679 dabmancer the Destroyer (level 10, 0/71 HPs)
             Began as a Demigod Conjurer on May 21, 2022.
             Slain by a boulder beetle (14 damage)
             ... on level 7 of the Dungeon.
             The game lasted 01:27:00 (10672 turns).

dabmancer the Destroyer (Demigod Conjurer)         Turns: 10672, Time: 01:27:00

Health: 0/71       AC:  5    Str:  8    XL:     10   Next: 1%
Magic:  6/36       EV: 12    Int: 32    God:
Gold:   360        SH:  0    Dex: 12    Spells: 10/26 levels left

rFire   . . .      SeeInvis .   p - +2 spear (venom)
rCold   . . .      Faith    .   (no shield)
rNeg    . . .      Spirit   .   U - +0 robe
rPois   .          Reflect  .   H - +0 helmet
rElec   .          Harm     .   B - +1 cloak {rCorr}
rCorr   +          Rampage  .   (no gloves)
Will    +....                   (no boots)
Stlth   ++........              J - amulet of magic regeneration
HPRegen 0.21/turn               k - ring of magical power
MPRegen 0.65/turn               (no ring)

@: about to teleport, studying Staves
A: high MP 1, forlorn, divine attributes
a: no special abilities


You were on level 7 of the Dungeon.
You visited 2 branches of the dungeon, and saw 8 of its levels.

You collected 414 gold pieces.
You spent 54 gold pieces at shops.

Inventory:

Hand Weapons
 a - a +0 mace of distortion
 e - a +2 vorpal hand axe
 p - a +2 spear of venom (weapon)
 w - a +1 spear of venom
 F - a +2 mace
 G - a +2 falchion
 I - a +1 vorpal mace
 K - a +5 spear
 M - a +2 short sword of speed
Missiles
 i - 3 javelins
 o - 248 stones
 v - 18 poisoned darts
 L - 3 boomerangs
Armour
 m - a +0 cloak
 B - a +1 cloak of preservation (worn)
 H - a +0 helmet (worn)
 O - a +0 ring mail
 T - a +0 buckler
 U - a +0 robe (worn)
Magical Staves
 n - a staff of death
 u - a staff of fire
 N - a staff of fire
Jewellery
 k - a ring of magical power (left hand)
 x - a ring of ice
 y - an amulet of reflection
 J - an amulet of magic regeneration (around neck)
 R - the ring "Wesiseb" {Fire rN+ rCorr MP-9 Str+3}
   (You found it on level 6 of the Dungeon)

   [ring of fire]

   It enhances your fire magic.
   Str:       It affects your strength (+3).
   rF:        It protects you from fire.
   rC:        It makes you vulnerable to cold.
   rN:        It protects you from negative energy.
   MP:        It affects your magic capacity (-9).
   rCorr:     It protects you from acid and corrosion.
Scrolls
 f - 2 scrolls of brand weapon {unknown}
 g - 2 scrolls of immolation {unknown}
 h - 3 scrolls of poison
 l - 3 scrolls of magic mapping {unknown}
 q - 2 scrolls of vulnerability {unknown}
 s - a scroll of amnesia {unknown}
 t - a scroll of acquirement {unknown}
 z - 2 scrolls of fog {unknown}
 Q - a scroll of enchant weapon {unknown}
 S - a scroll of fear {unknown}
 V - a scroll of identify
Potions
 b - a potion of magic
 c - 2 potions of attraction {unknown}
 d - a potion of brilliance {unknown}
 r - 2 potions of curing
 A - a potion of berserk rage {unknown}
 C - a potion of haste {unknown}
 D - a potion of might {unknown}
 E - a potion of resistance {unknown}
 P - 3 potions of lignification


   Skills:
 + Level 1.0 Fighting
 + Level 2.1 Dodging
 + Level 3.7 Stealth
 + Level 0.1 Shields
 * Level 8.8 Spellcasting
 * Level 9.4 Conjurations
 + Level 2.3 Hexes
 + Level 1.2 Summonings
 + Level 0.9 Translocations
 + Level 1.6 Evocations


You had 10 spell levels left.
You knew the following spells:

 Your Spells              Type           Power      Damage    Failure   Level
a - Magic Dart            Conj           100%       1d8       1%          1
b - Searing Ray           Conj           100%       2d8       1%          2
c - Dazzling Flash        Conj/Hex       100%       N/A       1%          3
d - Fulminant Prism       Conj/Hex       25%        3d14      3%          4
e - Iskenderun's Mystic   Conj/Tloc      47%        2d10      4%          4
f - Call Imp              Summ           22%        N/A       3%          2

Your spell library contained the following spells:

 Spells                   Type           Power      Damage    Failure   Level
 Mephitic Cloud           Conj/Pois/Air  34%        N/A       2%          3


Dungeon Overview and Level Annotations

Branches:
Dungeon (7/15)             Temple (1/1) D:5

Shops:
D:1 [   D:6 :


Innate Abilities, Weirdness & Mutations

You have an increased reservoir of magic. (+10% MP)
You shall have no god before yourself.
Your divine heritage dramatically boosts your attributes as you level up.


Message History

You finish channelling your searing ray.
The boulder beetle barely misses you.
Casting: Searing Ray (safe; 1% risk of failure)
Confirm with . or Enter, or press ? or * to list all spells.
You miscast Iskenderun's Mystic Blast.
You are very lightly contaminated with residual magic.
Nothing appears to happen.
The boulder beetle misses you.
Unknown command.
You hit the boulder beetle but do no damage.
The boulder beetle is poisoned.
The boulder beetle is severely wounded.
The boulder beetle bites you!
The boulder beetle attacks as you move away!
The boulder beetle bites you!
* * * LOW HITPOINT WARNING * * *
The boulder beetle leaps!
You feel better.
You feel better.
Casting: Iskenderun's Mystic Blast (dangerous; 4% risk of failure)
Confirm with . or Enter, or press ? or * to list all spells.
You erupt in a blast of force!
The mystic blast hits the boulder beetle but does no damage.
The boulder beetle is severely wounded.
The boulder beetle curls into a ball and begins rolling!
You hit the boulder beetle but do no damage.
The boulder beetle is severely wounded.
The boulder beetle hits you!!
* * * LOW HITPOINT WARNING * * *
The boulder beetle stops rolling and uncurls.
You feel better. The boulder beetle misses you.
Your magical contamination has completely faded away.
The boulder beetle curls into a ball and begins rolling!
You feel better. The boulder beetle hits you.
The boulder beetle stops rolling and uncurls.
You feel better.
The boulder beetle looks more healthy.
The boulder beetle bites you!!
* * * LOW HITPOINT WARNING * * *
As you read the scroll of teleportation, it crumbles to dust.
You feel strangely unstable. The boulder beetle bites you!
You die...

#.#### ##.....## #.
#.##.## ##.....<.###.
#.#...####.........##.
####........+....°....'..
#........####.........##.
#.##.##..# ##.......####
#.##.###.# ##.....##
#.##.###.# ##...##
#.##..##@# ##'##
#.###.##B# #.# #.# #.##.#
#.# #.###.##.# ##5##
#........# ##...##
#####....# #.....# ####.#
##...######
#.#######.........
#..○..B..°.#######


You could see a boulder beetle.

Vanquished Creatures
  The ghost of turdburglar the Cudgeller, a novice GnCA of Okawaru (D:6)
  Prince Ribbit (D:6)
  Sigmund (D:5)
  A vampire (D:7)
  A wyvern (D:6)
  A basilisk (D:7)
  Eustachio (D:4)
  3 water moccasins
  2 orc warriors
  A black bear (D:7)
  3 ice beasts (D:6)
  A sky beast (D:7)
  A centaur (D:7)
  3 ogres
  A phantom (D:4)
  A kobold brigand (D:6)
  A necrophage (D:3)
  8 scorpions
  5 wights (D:4)
  2 howler monkeys (D:6)
  A jelly (D:7)
  5 hounds
  3 orc priests
  An iguana (D:5)
  9 orc wizards
  A bullfrog simulacrum (D:6)
  7 gnolls
  5 adders
  A shadow imp (D:7)
  7 white imps
  An ufetubus (D:5)
  4 dart slugs
  20 orcs
  12 endoplasms
  13 giant cockroaches
  6 goblins
  7 hobgoblins
  3 jackals (D:1)
  3 quokkas
  5 ball pythons
  8 bats
  2 frilled lizards
  5 kobolds
  8 rats
176 creatures vanquished.

Vanquished Creatures (collateral kills)
  A black bear (D:5)
  An orc priest (D:6)
  An orc (D:6)
3 creatures vanquished.

Vanquished Creatures (others)
  3 demonic plants (D:3)
  40 fulminant prisms
  2 fungi (D:3)
  3 withered plants (D:3)
48 creatures vanquished.

Grand Total: 227 creatures vanquished

Notes
Turn   | Place    | Note
-------+----------+-------------------------------------------
     0 | D:1      | dabmancer the Demigod Conjurer began the quest for the Orb.
     0 | D:1      | Reached XP level 1. HP: 14/14 MP: 5/5
   318 | D:1      | Reached XP level 2. HP: 20/20 MP: 4/7
   376 | D:1      | Learned a level 2 spell: Searing Ray
   454 | D:1      | Found Otikur's Armour Emporium.
   588 | D:1      | Reached skill level 4 in Conjurations
   590 | D:1      | Reached XP level 3. HP: 26/26 MP: 1/8
  1554 | D:2      | Reached XP level 4. HP: 33/33 MP: 9/10
  2377 | D:3      | Noticed a necrophage
  2382 | D:3      | Killed a necrophage
  2383 | D:3      | Reached skill level 5 in Conjurations
  2383 | D:3      | Reached XP level 5. HP: 38/38 MP: 12/12
  2387 | D:3      | Learned a level 3 spell: Dazzling Flash
  3613 | D:4      | Reached XP level 6. HP: 45/45 MP: 14/14
  4306 | D:4      | Reached skill level 6 in Conjurations
  4497 | D:4      | Noticed Eustachio
  4741 | D:4      | Killed Eustachio
  4742 | D:4      | Reached XP level 7. HP: 33/50 MP: 14/17
  5296 | D:5      | Entered Level 5 of the Dungeon
  5408 | D:5      | Noticed Sigmund
  5416 | D:5      | Killed Sigmund
  5417 | D:5      | Reached skill level 5 in Spellcasting
  5567 | D:5      | Found a staircase to the Ecumenical Temple.
  5583 | Temple   | Entered the Ecumenical Temple
  5753 | D:5      | Learned a level 4 spell: Fulminant Prism
  5758 | D:5      | Learned a level 4 spell: Iskenderun's Mystic Blast
  6052 | D:5      | Reached skill level 7 in Conjurations
  6052 | D:5      | Reached XP level 8. HP: 57/57 MP: 20/20
  6372 | D:1      | Bought a +0 helmet for 54 gold pieces
  6820 | D:6      | Found a runed translucent gate.
  6820 | D:6      | Found a runed translucent gate.
  6823 | D:6      | Found a runed translucent gate.
  6906 | D:6      | Reached skill level 1 in Hexes
  7171 | D:6      | Found Lutot Rinaf's Book Shop.
  7201 | D:6      | Learned a level 2 spell: Call Imp
  7254 | D:6      | Reached skill level 8 in Conjurations
  7517 | D:6      | Noticed Prince Ribbit
  7567 | D:6      | Killed Prince Ribbit
  7568 | D:6      | Reached XP level 9. HP: 62/62 MP: 1/23
  7876 | D:6      | Noticed turdburglar's ghost (novice GnCA)
  8304 | D:6      | Killed turdburglar's ghost
  8305 | D:6      | Reached skill level 1 in Summonings
  8529 | D:6      | Reached skill level 9 in Conjurations
  8529 | D:6      | Reached skill level 1 in Evocations
  8553 | D:6      | Got the ring "Wesiseb" {Fire rN+ rCorr MP-9 Str+3}
  9220 | D:7      | Noticed a boulder beetle
  9686 | D:7      | Reached skill level 1 in Fighting
 10113 | D:7      | Reached XP level 10. HP: 71/71 MP: 27/27
 10672 | D:7      | Slain by a boulder beetle

Illustrated notes

Levels and vault maps discovered:
D:1:      dpeg_arrival_three_bigger_balls, layout_basic, serial_shops,
          nicolae_square_shop, grunt_decor_mini_mirrors
D:2:      minmay_roachtagon, layout_loops_corners, basic_altar
D:3:      layout_basic, shapermc_ecumenical_altar_gd
D:4:      layout_basic, uniq_eustachio
D:5:      layout_basic, zin_academy, minmay_temple_entry_antechambers,
          minivault_23, uniq_sigmund
D:6:      layout_basic, serial_shops, nicolae_shop_crystal, gammafunk_ghost_icy,
          uniq_prince_ribbit1
D:7:      layout_loops_corners, dk_noncrumbling_4, minmay_manual_mandibuliform
Temple:   mainiacjoe_temple_coin_purse

Skill      XL: |  1  2  3  4  5  6  7  8  9 |
---------------+----------------------------+-----
Stealth        | 2 3 |  3.7
Dodging        | 2 |  2.1
Spellcasting   | 2 3 4 5 7 8 |  8.8
Conjurations   | 4 5 6 7 8 9 |  9.4
Hexes          | 1 2 |  2.3
Summonings     | 1 |  1.2
Evocations     | 1 |  1.6
Fighting       | 1 |  1.0
Shields        | |  0.1
Translocations | |  0.9

Action                   |  1- 3 |  4- 6 |  7- 9 | 10-12 || total
-------------------------+-------+-------+-------+-------++-------
Melee: Hand axe          |     4 |       |       |       ||     4
       Staff             |       |     1 |     1 |       ||     2
       Spear             |       |       |    16 |     2 ||    18
       Punch             |       |       |     1 |       ||     1
Throw: Javelin           |       |       |     1 |       ||     1
       Dart              |       |       |     4 |       ||     4
       Boomerang         |       |       |     1 |       ||     1
 Cast: Magic Dart        |    72 |    54 |    87 |     1 ||   214
       Searing Ray       |     6 |    28 |    52 |     4 ||    90
       Iskenderun's Myst |       |       |    38 |     5 ||    43
       Fulminant Prism   |       |       |    25 |    15 ||    40
       Call Imp          |       |       |     8 |     6 ||    14
Evoke: Wand              |       |       |     9 |       ||     9
  Use: Scroll            |     2 |     2 |     3 |     1 ||     8
       Potion            |       |       |     3 |     5 ||     8
Armor: Robe              |     1 |     7 |    15 |       ||    23
Dodge: Dodged            |     1 |    21 |    33 |     4 ||    59
Block: Other             |       |     3 |     7 |       ||    10

Table legend: (Time is in decaauts)
 A = Elapsed time spent in this place.
 B = Non-inter-level travel time spent in this place.
 C = Inter-level travel time spent in this place.
 D = Time resting spent in this place.
 E = Time spent auto-exploring this place.
 F = Levels seen in this place.
 G = Mean time per level.
                   A        B        C        D        E       F      G
               +--------+--------+--------+--------+--------+-----+--------+
         Total |  10677 |  10152 |    525 |   1935 |   6153 |   8 | 1334.6 |
       Dungeon |  10529 |  10004 |    525 |   1935 |   6048 |   7 | 1504.1 |
        Temple |    148 |    148 |      0 |      0 |    105 |   1 |  148.0 |
               +--------+--------+--------+--------+--------+-----+--------+

Top non-repeatable levels by time:
     D:6: 2121 daAuts
     D:4: 1952 daAuts
     D:7: 1827 daAuts
     D:2: 1316 daAuts
     D:3: 1189 daAuts
     D:1: 1155 daAuts
     D:5: 966 daAuts
  Temple: 148 daAuts
